 Dungeon Crawl Stone Soup version 0.29.0-4-gdea44cf6ec (webtiles) character file.

Game seed: 2291788351898354824

55 qw the Ruffian (level 3, -2/28 HPs)
             Began as a Ghoul Fire Elementalist on Aug 29, 2022.
             Slain by an iguana (6 damage)
             ... on level 4 of the Dungeon.
             The game lasted 00:02:25 (2885 turns).

qw the Ruffian (Ghoul Fire Elementalist)            Turns: 2885, Time: 00:02:26

Health: -2/28      AC:  8    Str: 12 (13) XL:     3   Next: 93%
Magic:  4/4        EV:  5    Int: 10      God:
Gold:   187        SH:  0    Dex:  9      Spells: 4/5 levels left

rFire   . . .      SeeInvis +     - Unarmed
rCold   + . .      Faith    .   (no shield)
rNeg    + + +      Spirit   .   a - +0 chain mail
rPois   inf        Reflect  .   (no helmet)
rElec   .          Harm     .   (no cloak)
rCorr   .          Rampage  .   (no gloves)
Will    .....                   (no boots)
Stlth   ..........              (no amulet)
HPRegen 0.00/turn               k - ring of see invisible
MPRegen 0.09/turn               (no ring)

@: inhibited regen
A: claws 1, cold resistance 1, negative energy resistance 3, inhibited
regeneration, torment resistance 2, devour on kill
a: no special abilities


You were on level 4 of the Dungeon.
You visited 1 branch of the dungeon, and saw 4 of its levels.

You collected 187 gold pieces.


Innate Abilities, Weirdness & Mutations

You are immune to poison.
You have sharp fingernails.
Your flesh is cold resistant. (rC+)
You are immune to negative energy. (rN+++)
You do not regenerate when monsters are visible.
You are immune to unholy pain and torment.
You thrive by killing the living.


   Skills:
 - Level 1.0 Fighting
 - Level 1.7 Dodging
 - Level 2.1 Stealth
 + Level 3.4 Unarmed Combat
 - Level 1.7 Spellcasting
 - Level 0.7 Conjurations
 - Level 2.4 Fire Magic


You had 4 spell levels left.
You knew the following spells:

 Your Spells              Type           Power      Damage    Failure   Level
a - Foxfire               Conj/Fire      16%        2x1d4     100%        1

Your spell library contained the following spells:

 Spells                   Type           Power      Damage    Failure   Level
 Scorch                   Fire           10%        2d5       100%        2
 Conjure Flame            Conj/Fire      4%         6-21      100%        3
 Inner Flame              Hex/Fire       3%         N/A       100%        3
 Flame Wave               Conj/Fire      4%         2d5       100%        4

Inventory:

Armour
 a - a +0 chain mail (worn)
Jewellery
 k - a ring of see invisible (left claw)
Scrolls
 b - a scroll of identify
 h - 2 scrolls of brand weapon
Potions
 c - a potion of curing
 d - a potion of mutation
 i - a potion of haste

Dungeon Overview and Level Annotations

Branches:
Dungeon (4/15)
 Temple: D:4-7

Altars:
Nemelex Xobeh


Message History

You see here a ring of positive energy.
There is a stone staircase leading down here.
You climb downwards.
Found 5 gold pieces and a ring mail.
There is a stone staircase leading up here.
Existing waypoints: (1) D:2 (2) D:3 Assign waypoint to what number? (0-9, D - delete waypoint) Waypoint 1 re-assigned from D:2 to D:4.
Enter note: A kobold comes into view. It is wielding a +0 dagger.
You miss the kobold. You barely miss the kobold. The kobold barely misses you.
You scratch the kobold.
The kobold is severely wounded.
The kobold hits you but does no damage.
You barely miss the kobold. Your claw misses the kobold.
The kobold is severely wounded.
The kobold hits you but does no damage.
You scratch the kobold.
You kill the kobold!
You now have 187 gold pieces (gained 5).
You see here a +0 dagger.
You see here a +0 ring mail.
An iguana comes into view.
The iguana hisses angrily.
You closely miss the iguana. The iguana bites you!
You barely miss the iguana. The iguana bites you.
You barely miss the iguana. The iguana bites you.
You claw the iguana!
The iguana is heavily wounded.
The iguana bites you!
You scratch the iguana.
The iguana is almost dead.
The iguana bites you.
You die...

##### #...# #..##
##### ##..#
##...######
#..####.........##
##....#..........#.
####[.....@l......
#..............
#...)..........
#.<............
##............#
#..........###
###......###
########


You could see an iguana.

Vanquished Creatures
  An adder (D:2)
  A dart slug (D:2)
  2 orcs (D:3)
  2 ball pythons
  2 endoplasms
  2 giant cockroaches (D:1)
  4 goblins
  4 hobgoblins
  3 quokkas
  2 bats
  9 frilled lizards
  4 kobolds
  7 rats
43 creatures vanquished.

Notes
Turn   | Place    | Note
-------+----------+-------------------------------------------
     0 | D:1      | qw the Ghoul Fire Elementalist began the quest for the Orb.
     0 | D:1      | Reached XP level 1. HP: 14/14 MP: 2/2
     0 | D:1      | 0 ||| qw: Version: 0.1-a-90-g952f4b7
     0 | D:1      | 0 ||| qw: Game counter: 4211
     0 | D:1      | 0 ||| qw: Always use a shield: true
     0 | D:1      | 0 ||| qw: God list: Okawaru
     0 | D:1      | 0 ||| qw: Allow faded altars: false
     0 | D:1      | 0 ||| qw: Do Orc after D:15 true
     0 | D:1      | 0 ||| qw: Do second Lair branch before Depths: true
     0 | D:1      | 0 ||| qw: Lair rune preference: random
     0 | D:1      | 0 ||| qw: Plans: Normal
     0 | D:1      | 0 ||| PLANNING D:1-11
   132 | D:1      | Reached skill level 1 in Unarmed Combat
   295 | D:1      | Found a faded altar of an unknown god.
   341 | D:1      | Reached skill level 1 in Fighting
   341 | D:1      | Reached XP level 2. HP: 22/23 MP: 3/3
   358 | D:1      | 358 ||| Stepping ~*~*~tactically~*~*~ (outnumbered).
   359 | D:1      | 359 ||| Stepping ~*~*~tactically~*~*~ (outnumbered).
   360 | D:1      | 360 ||| Stepping ~*~*~tactically~*~*~ (outnumbered).
   361 | D:1      | 361 ||| Stepping ~*~*~tactically~*~*~ (outnumbered).
   362 | D:1      | 362 ||| Stepping ~*~*~tactically~*~*~ (outnumbered).
   363 | D:1      | 363 ||| Stepping ~*~*~tactically~*~*~ (outnumbered).
   364 | D:1      | 364 ||| Stepping ~*~*~tactically~*~*~ (outnumbered).
   365 | D:1      | 365 ||| Stepping ~*~*~tactically~*~*~ (outnumbered).
   366 | D:1      | 366 ||| Stepping ~*~*~tactically~*~*~ (outnumbered).
   367 | D:1      | 367 ||| Stepping ~*~*~tactically~*~*~ (outnumbered).
   368 | D:1      | 368 ||| Stepping ~*~*~tactically~*~*~ (outnumbered).
   369 | D:1      | 369 ||| Stepping ~*~*~tactically~*~*~ (outnumbered).
   370 | D:1      | 370 ||| Stepping ~*~*~tactically~*~*~ (outnumbered).
   371 | D:1      | 371 ||| Stepping ~*~*~tactically~*~*~ (outnumbered).
   372 | D:1      | 372 ||| Stepping ~*~*~tactically~*~*~ (outnumbered).
   373 | D:1      | 373 ||| Stepping ~*~*~tactically~*~*~ (outnumbered).
   374 | D:1      | 374 ||| Stepping ~*~*~tactically~*~*~ (outnumbered).
   375 | D:1      | 375 ||| Stepping ~*~*~tactically~*~*~ (outnumbered).
   376 | D:1      | 376 ||| Stepping ~*~*~tactically~*~*~ (outnumbered).
   892 | D:1      | 892 ||| Stepping ~*~*~tactically~*~*~ (stealth).
   896 | D:1      | 896 ||| Stepping ~*~*~tactically~*~*~ (stealth).
  1220 | D:1      | 1220 ||| UPGRADING to +0 ring mail.
  1230 | D:1      | 1230 ||| DROPPING +0 robe.
  1231 | D:1      | 1231 ||| DROPPING +3 leather armour.
  1232 | D:1      | 1232 ||| UPGRADING to ring of see invisible.
  1233 | D:1      | 1233 ||| READING 3 scrolls labelled INU CEUBLOCVEH.
  1234 | D:1      | 1234 ||| READING scroll labelled MAPNYT EKOIGA.
  1235 | D:1      | 1235 ||| READING scroll labelled IFUOKHL YC IPRE.
  1236 | D:1      | 1236 ||| DROPPING potion of magic.
  1256 | D:2      | 1256 ||| STAIRDANCE
  1299 | D:2      | Reached skill level 2 in Unarmed Combat
  1590 | D:2      | Found a sparkling altar of Nemelex Xobeh.
  1700 | D:2      | 1700 ||| Stepping ~*~*~tactically~*~*~ (outnumbered).
  1701 | D:2      | 1701 ||| Stepping ~*~*~tactically~*~*~ (outnumbered).
  1703 | D:2      | 1703 ||| Stepping ~*~*~tactically~*~*~ (outnumbered).
  1707 | D:2      | Reached XP level 3. HP: 24/28 MP: 4/4
  1913 | D:2      | Reached skill level 3 in Unarmed Combat
  2090 | D:2      | 2090 ||| UPGRADING to +0 chain mail.
  2100 | D:2      | 2100 ||| DROPPING +0 ring mail.
  2101 | D:2      | 2101 ||| READING scroll labelled CECAEMMOGI.
  2102 | D:2      | 2102 ||| READING scroll labelled FAOCOENUEMM.
  2103 | D:2      | 2103 ||| READING scroll labelled INOTWIALIZ.
  2104 | D:2      | 2104 ||| READING 3 scrolls of identify.
  2104 | D:2      | 2104 ||| IDENTIFYING murky brown potion
  2105 | D:2      | 2105 ||| READING 2 scrolls of identify.
  2105 | D:2      | 2105 ||| IDENTIFYING bubbling amethyst potion
  2106 | D:2      | 2106 ||| DROPPING potion of lignification.
  2395 | D:3      | 2395 ||| FLEEEEING.
  2396 | D:3      | 2396 ||| FLEEEEING.
  2397 | D:3      | 2397 ||| FLEEEEING.
  2398 | D:3      | 2398 ||| FLEEEEING.
  2399 | D:3      | 2399 ||| STAIRDANCE
  2433 | D:2      | 2433 ||| READING 2 scrolls of identify.
  2433 | D:2      | 2433 ||| IDENTIFYING red potion
  2434 | D:2      | 2434 ||| DROPPING potion of degeneration.
  2814 | D:3      | 2814 ||| DRINKING 2 fuming white potions.
  2815 | D:3      | 2815 ||| READING 2 scrolls of identify.
  2815 | D:3      | 2815 ||| IDENTIFYING grey potion
  2884 | D:4      | HP: 4/28 [iguana (8)]
  2885 | D:4      | Slain by an iguana

Levels and vault maps discovered:
D:1:      dpeg_arrival_prison, layout_basic,
          shapermc_ecumenical_altar_mp_ritualfount
D:2:      layout_rooms, basic_altar
D:3:      layout_rooms, chequers_serial_rivers_micro_b, chequers_garden,
          hangedman_decor_clover_reticule, minmay_misc_feat_four_crosses,
          interstate_on_off
D:4:      layout_cave_pods, minmay_temple_entry_large_hall, uniq_grinder,
          uniq_eustachio

Skill      XL: |  1  2  3 |
---------------+----------+-----
Unarmed Combat | 1 2 3 |  3.4
Fighting       | 1 |  1.0
Dodging        | |  1.7
Stealth        | |  2.1
Spellcasting   | |  1.7
Conjurations   | |  0.7
Fire Magic     | |  2.4

Action                   || total
-------------------------++-------
Melee: Unarmed           ||   210
       Punch             ||     3
  Use: Scroll            ||    10
       Potion            ||     1
Armor: Robe              ||     7
       Ring mail         ||    29
       Chain mail        ||    28
Dodge: Dodged            ||   100

Table legend:
 A = Non-vault XP
 B = Vault XP
 C = Vault XP percentage of total XP
 D = Non-vault monster count
 E = Vault monster count
 F = Vault count percentage of total count
                 A         B        C        D         E       F
            +---------+---------+-------+---------+---------+-------
      Total |      77 |       2 |   2.5 |      42 |       1 |   2.3
            +---------+---------+-------+---------+---------+-------
        D:1 |      18 |       2 |  10.0 |      13 |       1 |   7.1
        D:2 |      40 |       0 |   0.0 |      19 |       0 |   0.0
        D:3 |      17 |       0 |   0.0 |       9 |       0 |   0.0
        D:4 |       2 |       0 |   0.0 |       1 |       0 |   0.0
            +---------+---------+-------+---------+---------+-------
